 Dungeon Crawl Stone Soup version 0.26-a0-812-g31a745ddcd (webtiles) character file.

Game seed: 3556674081889422195

859 Arthanis the Chopper (level 8, 0/49 HPs)
             Began as a Gargoyle Berserker on Nov 23, 2020.
             Was a Priest of Trog.
             Slain by an orc warrior
             ... wielding a +0 glaive
              (12 damage)
             ... on level 6 of the Dungeon.
             The game lasted 00:04:50 (4462 turns).

Arthanis the Chopper (Gargoyle Berserker)           Turns: 4462, Time: 00:04:50

Health: 0/49       AC: 18    Str: 21    XL:     8   Next: 2%
Magic:  8/8        EV:  8    Int: 10    God:    Trog [***...]
Gold:   231        SH: 13    Dex:  9    Spells: 7/7 levels left

rFire    . . .     SeeInvis .   a - +0 hand axe
rCold    . . .     Faith    .   u - +0 tower shield
rNeg     + . .     Spirit   .   l - +0 chain mail
rPois    ∞         Reflect  .   w - +0 helmet
rElec    +         Harm     .   E - scarf {repulsion}
rCorr    .         Rampage  .   D - +0 pair of gloves
MR       ++...                  c - +0 pair of boots
Stlth    ..........             (no amulet)
HPRegen  1.16/turn              d - +4 ring of evasion
MPRegen  0.11/turn              n - ring of wizardry

@: berserk cooldown, regenerating, slowed, repel missiles, very slow
A: negative energy resistance 1, electricity resistance, unbreathing,
petrification resistance, rot immunity, AC +5
a: Berserk, Trog's Hand, Renounce Religion


You were on level 6 of the Dungeon.
You worshipped Trog.
Trog was most pleased with you.
You visited 1 branch of the dungeon, and saw 6 of its levels.

You collected 285 gold pieces.
You spent 54 gold pieces at shops.

Inventory:

Hand Weapons
 a - a +0 hand axe (weapon)
 j - a +0 trident
Armour
 b - a +0 animal skin
 c - a +0 pair of boots (worn)
 k - a +0 scale mail
 l - a +0 chain mail (worn)
 u - a +0 tower shield (worn)
 w - a +0 helmet (worn)
 D - a +0 pair of gloves (worn)
 E - a scarf of repulsion (worn)
Jewellery
 d - a +4 ring of evasion (left hand)
 n - a ring of wizardry (right hand)
 y - an uncursed ring of stealth
Wands
 x - a wand of acid (3)
 B - a wand of flame (9)
 C - a wand of polymorph (7)
Scrolls
 f - a scroll of immolation {unknown}
 i - 6 scrolls of remove curse {unknown}
 o - a scroll of fear {unknown}
 r - 2 scrolls of teleportation {unknown}
 v - 2 scrolls of identify {unknown}
Potions
 e - 2 potions of lignification {unknown}
 g - a potion of magic {unknown}
 h - a potion of cancellation {unknown}
 m - a potion of mutation {unknown}
 p - 3 potions of heal wounds
 q - 2 potions of haste {unknown}
 s - 2 potions of degeneration {unknown}
 t - a potion of curing {unknown}
 z - a potion of might {unknown}
 A - 2 potions of berserk rage {unknown}
 F - a potion of flight {unknown}


   Skills:
 + Level 5.3 Fighting
 * Level 5.7 Axes
 + Level 4.6 Armour
 - Level 2.0 Dodging
 + Level 2.8 Shields
 + Level 1.9 Evocations


You had 7 spell levels left.
You didn't know any spells.
Your spell library was empty.

Dungeon Overview and Level Annotations

Branches:
Dungeon (6/15)
 Temple: D:4-7

Altars:
Kikubaaqudgha
Zin

Shops:
D:5 [


Innate Abilities, Weirdness & Mutations

You are resistant to torment.
Your stone body is resilient. (AC +5)
You are immune to poison.
You resist negative energy. (rN+)
You are resistant to electric shocks. (rElec)
You can survive without breathing.
You are immune to petrification.
You are immune to rotting.


Message History

You feel resistant to hostile enchantments.
You can no longer call in reinforcements.
You block the orc priest's attack.
An orc wizard comes into view. It is wielding a +2 dagger of draining.
The orc warrior hits you from afar with a +0 glaive.
The orc priest barely misses you.
You slash the orc priest!
You kill the orc priest!
Trog accepts your kill.
You have reached level 8!
You feel stronger. You block the orc warrior's attack.
You block the orc wizard's attack.
The orc warrior hits you from afar with a +0 glaive!
* * * LOW HITPOINT WARNING * * *
You hit the orc wizard but do no damage.
The orc wizard points at you and mumbles some strange words.
The magic dart hits you but does no damage.
The orc warrior hits you from afar with a +0 glaive!
You die...

# #
##################
#.................
#.################
#.# #.# #.# #@#
#o# ......†o).#
#####.#.#.#
#.#.#.# # #.# #
#.# #.# #.#


You could see an orc warrior and an orc wizard.

Vanquished Creatures
  A water moccasin (D:5)
  An ice beast (D:5)
  An ogre (D:4)
  A bullfrog zombie (D:5)
  5 orc priests
  2 worker ants
  Terence (D:2)
  A worker ant zombie (D:5)
  14 gnolls
  8 adders
  An ufetubus (D:5)
  An adder skeleton (D:5)
  A worm (D:5)
  8 leopard geckos
  7 orcs
  5 giant cockroaches
  4 goblins
  8 hobgoblins
  7 jackals
  3 quokkas
  9 bats
  7 frilled lizards
  A jackal skeleton (D:4)
  8 kobolds
  5 rats
110 creatures vanquished.

Notes
Turn   | Place    | Note
-------+----------+-------------------------------------------
     0 | D:1      | Arthanis the Gargoyle Berserker began the quest for the
                  | Orb.
     0 | D:1      | Reached XP level 1. HP: 14/14 MP: 1/1
   256 | D:1      | Reached XP level 2. HP: 14/19 MP: 2/2
   897 | D:2      | Noticed Terence
   912 | D:2      | Killed Terence
   912 | D:2      | Reached XP level 3. HP: 24/24 MP: 3/3
  1090 | D:2      | Reached ** piety under Trog
  1151 | D:2      | Reached XP level 4. HP: 21/29 MP: 4/4
  1351 | D:2      | You fall into a shaft and drop 1 floor!
  1522 | D:3      | Reached XP level 5. HP: 33/33 MP: 5/5
  2403 | D:3      | Reached *** piety under Trog
  2944 | D:3      | Reached XP level 6. HP: 39/39 MP: 6/6
  3121 | D:4      | Found a glowing silver altar of Zin.
  3127 | D:4      | Reached skill level 1 in Shields
  3750 | D:5      | Entered Level 5 of the Dungeon
  3758 | D:5      | Noticed a water moccasin
  3768 | D:5      | Killed a water moccasin
  3768 | D:5      | Reached skill level 5 in Axes
  3768 | D:5      | Reached skill level 1 in Evocations
  3768 | D:5      | Reached XP level 7. HP: 44/44 MP: 7/7
  3820 | D:5      | Found Qongyota's Armour Boutique.
  3835 | D:5      | Bought a +0 pair of gloves for 54 gold pieces
  3911 | D:5      | Found an ancient bone altar of Kikubaaqudgha.
  4014 | D:5      | Reached skill level 5 in Fighting
  4451 | D:6      | Reached **** piety under Trog
  4460 | D:6      | Reached XP level 8. HP: 15/49 MP: 8/8
  4462 | D:6      | Slain by an orc warrior

Illustrated notes

Levels and vault maps discovered:
D:1:      moated_graveyard_arrival, layout_basic, st_stairs_9
D:2:      minmay_wonky_spiral, layout_loops_ring, minmay_pentomino_pile,
          uniq_terence
D:3:      layout_basic, kennysheep_generic_room_7
D:4:      layout_rooms, lemuel_crystal_altar
D:5:      layout_basic, serial_shops, shop, basic_altar
D:6:      layout_loops_ring, minmay_temple_entry_from_below_a, uniq_eustachio,
          uniq_sigmund

Skill      XL: |  1  2  3  4  5  6  7 |
---------------+----------------------+-----
Axes           | 3 4 5 |  5.7
Dodging        | 2 |  2.0
Armour         | 3 4 |  4.6
Fighting       | 4 5 |  5.3
Shields        | 2 |  2.8
Evocations     | 1 |  1.9

Action                   |  1- 3 |  4- 6 |  7- 9 || total
-------------------------+-------+-------+-------++-------
Melee: Hand axe          |    97 |   273 |   106 ||   476
Invok: Berserk           |     2 |     5 |     3 ||    10
       Trog's Hand       |       |       |     1 ||     1
Armor: Animal skin       |    22 |       |       ||    22
       Chain mail        |     8 |   130 |    48 ||   186
       Scale mail        |     6 |       |       ||     6
Dodge: Dodged            |    79 |   117 |    35 ||   231
Block: Tower shield      |       |    99 |    74 ||   173

Table legend: (Time is in decaauts)
 A = Elapsed time spent in this place.
 B = Non-inter-level travel time spent in this place.
 C = Inter-level travel time spent in this place.
 D = Time resting spent in this place.
 E = Time spent auto-exploring this place.
 F = Levels seen in this place.
 G = Mean time per level.
                   A        B        C        D        E       F      G
               +--------+--------+--------+--------+--------+-----+--------+
         Total |   4620 |   4486 |    134 |      0 |   3570 |   6 |  770.0 |
       Dungeon |   4620 |   4486 |    134 |      0 |   3570 |   6 |  770.0 |
               +--------+--------+--------+--------+--------+-----+--------+

Top non-repeatable levels by time:
     D:3: 1292 daAuts
     D:2: 1211 daAuts
     D:1: 709 daAuts
     D:4: 658 daAuts
     D:5: 651 daAuts
     D:6: 96 daAuts
